 Dungeon Crawl Stone Soup version 0.30-a0-561-g1b0378597e (webtiles) character file.

Game seed: 9771025106368155930

3730 Darguel the Spear-Bearer (level 10, -1/104 (106) HPs)
             Began as an Ogre Cinder Acolyte on Dec 24, 2022.
             Was a High Priest of Ignis.
             Slain by a rakshasa
             ... wielding a +0 trident
              (7 damage)
             ... on level 9 of the Dungeon on Dec 28, 2022.
             The game lasted 01:29:03 (8408 turns).

Darguel the Spear-Bearer (Ogre Cinder Acolyte)      Turns: 8408, Time: 01:29:03

HP:   -1/104 (106)  AC:  7    Str: 22    XL:     10   Next: 14%
MP:   4/9           EV:  9    Int: 25    God:    Ignis [*****.]
Gold: 384           SH:  0    Dex:  4    Spells: 13/21 levels left

rFire   + . .      SeeInvis .    g - +3 glaive "Otyotiju" {antimagic, rN++}
rCold   . . .      Faith    .    (shield currently unavailable)
rNeg    + + .      Spirit   .    b - +1 robe
rPois   .          Reflect  .    o - +0 hat of Inference {Int+2 Stlth+}
rElec   .          Harm     .    x - +2 cloak
rCorr   .          Rampage  .    (gloves unavailable)
Will    +....                    (boots unavailable)
Stlth   ++                       (no amulet)
HPRegen 0.37/turn                q - ring of magical power
MPRegen 0.11/turn                w - +6 ring of intelligence

@: studying Evocations, lightly drained
A: large, unfitting armour, tough skin 1
a: Renounce Religion, Fiery Armour, Foxfire Swarm, Rising Flame


You were on level 9 of the Dungeon.
You worshipped Ignis.
Ignis was extremely pleased with you.
You visited 2 branches of the dungeon, and saw 10 of its levels.

You collected 454 gold pieces.
You spent 70 gold pieces at shops.

Inventory:

Hand Weapons
 g - the +3 glaive "Otyotiju" (weapon) {antimagic, rN++}
   (You acquired it on level 5 of the Dungeon)

   It reduces the magical energy of the wielder, and disrupts the spells and
   magical abilities of those it strikes.
   Natural abilities and divine invocations are not affected.
   rN:        It greatly protects you from negative energy.
 k - a +2 war axe of flaming
 t - a +1 dagger of venom
 D - a +1 scythe of flaming
Missiles
 y - 5 poisoned darts (quivered)
 F - 2 boomerangs
 J - 3 large rocks
Armour
 b - a +1 robe (worn)
 o - the +0 hat of Inference (worn) {Int+2 Stlth+}
   (You acquired it on level 6 of the Dungeon)

   Int:       It affects your intelligence (+2).
   Stlth:     It makes you more stealthy.
 x - a +2 cloak (worn)
Jewellery
 q - a ring of magical power (left hand)
 r - a ring of see invisible
 w - a +6 ring of intelligence (right hand)
 G - a ring of poison resistance
 H - a ring of resist corrosion
 I - a ring of magical power
Wands
 C - a wand of roots (12)
 E - a wand of mindburst (12)
Scrolls
 a - a scroll of identify
 c - 5 scrolls of magic mapping
 e - 10 scrolls of teleportation
 h - 2 scrolls of enchant armour
 m - a scroll of poison
 A - a scroll of torment
Potions
 d - 4 potions of lignification
 f - a potion of resistance
 i - a potion of ambrosia
 j - a potion of berserk rage
 p - 4 potions of curing
 s - a potion of mutation {unknown}
 z - 2 potions of flight
 B - a potion of invisibility {unknown}


   Skills:
 + Level 8.9 Fighting
 * Level 9.7 Polearms
 - Level 2.5 Dodging
 + Level 6.1 Spellcasting
 + Level 5.2 Translocations
 - Level 3.5 Fire Magic


You had 13 spell levels left.
You knew the following spells:

 Your Spells              Type           Power      Damage    Failure   Level
a - Scorch                Fire           50%        2d8       2%          2
b - Gell's Gravitas       Tloc           34%        N/A       2%          3
c - Teleport Other        Tloc           34%        N/A       2%          3

Your spell library contained the following spells:

 Spells                   Type           Power      Damage    Failure   Level
 Sting                    Tmut/Pois      28%        1d4       8%          1
 Portal Projectile        Hex/Tloc       40%        N/A       8%          3
 Vhi's Electric Charge    Tloc/Air       40%        N/A       8%          3
 Poisonous Vapours        Pois/Air       14%        N/A       11%         2
 Static Discharge         Conj/Air       14%        2-3/arc   11%         2
 Call Canine Familiar     Summ           7%         N/A       22%         3
 Cause Fear               Hex            3%         N/A       58%         4
 Leda's Liquefaction      Hex/Erth       3%         N/A       58%         4
 Olgreb's Toxic Radiance  Pois           7%         N/A       58%         4
 Dispersal                Tloc           17%        N/A       78%         6
 Arcjolt                  Conj/Air       3%         1d13      90%         5
 Lightning Bolt           Conj/Air       3%         1d15      90%         5
 Dragon Form              Tmut           3%         N/A       100%        7
 Dragon's Call            Summ           3%         N/A       100%        9


Dungeon Overview and Level Annotations

Branches:
Dungeon (9/15)             Temple (1/1) D:4
   Lair: D:8-11         Orc: D:9-12

Altars:
Cheibriados
Dithmenos
Elyvilon
Fedhas
Gozag
Hepliaklqana
Kikubaaqudgha
Nemelex Xobeh
Okawaru
Qazlal
Ru
Sif Muna
Trog
Uskayaw
Vehumet
Wu Jian
Xom
Yredelemnul
Zin
The Shining One

Shops:
D:1 ?   D:7 *


Innate Abilities, Weirdness & Mutations

You are too large for most types of armour.
You have tough skin. (AC +1)


Message History

The rakshasa blinks!
You reach to attack!
You closely miss the rakshasa.
The rakshasa hits you from afar with a +0 trident!
You reach to attack!
You slash the rakshasa!
The rakshasa's magic leaks into the air.
The rakshasa is lightly wounded.
The rakshasa hits you from afar with a +0 trident.
The rakshasa completely misses you.
You reach to attack!
You barely miss the rakshasa.
The rakshasa is lightly wounded.
The rakshasa hits you from afar with a +0 trident!
You reach to attack!
You slice the rakshasa!!
The rakshasa's magic leaks into the air.
The rakshasa is heavily wounded.
The rakshasa closely misses you.
You reach to attack!
You closely miss the rakshasa.
The rakshasa is heavily wounded.
The rakshasa gestures at you. The lance of force hits you!
You are knocked back by the lance of force.
You slam into the rock wall!
You reach to attack!
You hit the rakshasa but do no damage.
The rakshasa is heavily wounded.
The rakshasa hits you from afar with a +0 trident!
You are too injured to fight recklessly!
The rakshasa hits you with a +0 trident!
* * * LOW HITPOINT WARNING * * *
You closely miss the rakshasa.
The rakshasa is heavily wounded.
The rakshasa's magic is no longer disrupted.
The rakshasa hits you with a +0 trident!
* * * LOW HITPOINT WARNING * * *
The rakshasa barely misses you.
You closely miss the rakshasa.
The rakshasa is heavily wounded.
The rakshasa hits you with a +0 trident!
* * * LOW HITPOINT WARNING * * *
Okay, then.
The rakshasa hits you with a +0 trident!
You die...

#.........
#.........
#.........
#.# #.# #
#)# ..#
#)####...#
#<.R.....#
#.@[.....#
#........#
#.........
#.#####...
#.# .. #.#
. #.# #.


You could see a rakshasa.

Vanquished Creatures
  A two-headed ogre (D:9)
  A cyclops (D:7)
  Sigmund (D:5)
  2 yaks
  A wyvern (D:8)
  2 water moccasins
  A black bear (D:7)
  An ice beast (D:7)
  A centaur (D:8)
  An ogre (D:5)
  A phantom (D:4)
  A gnoll sergeant (D:9)
  5 scorpions
  2 bullfrogs
  6 wights
  A killer bee (D:8)
  3 orc priests
  3 hounds
  A jelly (D:7)
  2 iguanas
  5 orc wizards
  11 gnolls
  7 adders
  A shadow imp (D:7)
  A white imp (D:5)
  A worm (D:4)
  A dart slug (D:5)
  23 orcs
  3 endoplasms
  5 giant cockroaches
  A goblin (D:1)
  9 hobgoblins
  4 jackals (D:1)
  8 kobolds
  3 quokkas
  7 ball pythons
  5 bats
  A frilled lizard (D:2)
  5 rats
138 creatures vanquished.

Notes
Turn   | Place    | Note
-------+----------+-------------------------------------------
     0 | D:1      | Darguel the Ogre Cinder Acolyte began the quest for the
                  | Orb.
     0 | D:1      | Reached XP level 1. HP: 24/24 MP: 2/2
   255 | D:2      | Reached XP level 2. HP: 30/32 MP: 3/3
   750 | D:2      | Reached XP level 3. HP: 13/40 MP: 4/4
   954 | D:1      | Learned a level 2 spell: Scorch
  1139 | D:1      | Reached skill level 1 in Dodging
  1197 | D:1      | Found Jeriv's Magic Scroll Boutique.
  1212 | D:1      | Bought a scroll of teleportation for 30 gold pieces
  1212 | D:1      | Bought a scroll of identify for 20 gold pieces
  1302 | D:1      | Reached XP level 4. HP: 47/49 MP: 5/5
  1406 | D:1      | Bought a scroll of identify for 20 gold pieces
  1547 | D:3      | Found a sacrificial altar of Ru.
  1763 | D:3      | Found a hazy altar of Hepliaklqana.
  1876 | D:4      | Noticed a scorpion
  1888 | D:4      | Killed a scorpion
  1889 | D:4      | Reached skill level 5 in Fighting
  1889 | D:4      | Reached skill level 4 in Polearms
  1889 | D:4      | Reached XP level 5. HP: 23/57 MP: 1/7
  2613 | D:4      | Found a shimmering blue altar of Sif Muna.
  2814 | D:4      | Reached XP level 6. HP: 66/66 MP: 8/8
  3284 | D:4      | Found an ornate altar of the Wu Jian Council.
  3592 | D:4      | Reached skill level 1 in Translocations
  3592 | D:4      | Reached XP level 7. HP: 29/74 MP: 10/10
  3736 | D:4      | Found a staircase to the Ecumenical Temple.
  3745 | Temple   | Entered the Ecumenical Temple
  3840 | D:5      | Entered Level 5 of the Dungeon
  3869 | D:5      | Reached skill level 5 in Polearms
  4044 | D:5      | Noticed Sigmund
  4074 | D:5      | Upgraded the game from 0.30-a0-535-g2c0b3469a7 to
                  | 0.30-a0-542-ge43150dd35
  4383 | D:5      | Identified a scroll of acquirement
  4383 | D:5      | Acquired the +3 glaive "Otyotiju" {antimagic, rN++}
  4701 | D:6      | Noticed a yak
  4701 | D:6      | Noticed a yak
  4718 | D:6      | Noticed a yak
  4726 | D:5      | Killed a yak
  4727 | D:5      | Reached skill level 6 in Polearms
  4846 | D:5      | Reached XP level 8. HP: 69/83 MP: 5/14
  5053 | D:6      | Learned a level 3 spell: Gell's Gravitas
  5057 | D:6      | Learned a level 3 spell: Teleport Other
  5103 | D:6      | Acquired the +0 hat of Inference {Int+2 Stlth+}
  5459 | D:5      | Killed Sigmund
  5468 | D:5      | Upgraded the game from 0.30-a0-542-ge43150dd35 to
                  | 0.30-a0-556-g0a0f5a245f
  5917 | D:5      | Reached skill level 7 in Polearms
  6411 | D:6      | Noticed a yak
  6429 | D:7      | Found Gozag's Platinum Reserve.
  6429 | D:7      | Found an opulent altar of Gozag.
  6675 | D:7      | Reached skill level 5 in Spellcasting
  6739 | D:7      | Reached XP level 9. HP: 92/92 MP: 8/16
  6749 | D:7      | Upgraded the game from 0.30-a0-556-g0a0f5a245f to
                  | 0.30-a0-561-g1b0378597e
  6826 | D:7      | Reached skill level 8 in Polearms
  6888 | D:7      | Noticed a cyclops
  6892 | D:7      | Killed a cyclops
  7145 | D:9      | Noticed a two-headed ogre
  7146 | D:9      | Noticed a kobold demonologist
  7147 | D:9      | Noticed a hornet
  7324 | D:8      | Found a blossoming altar of Fedhas.
  7326 | D:8      | Found a hide-covered altar of Uskayaw.
  7571 | D:8      | Found a glowing golden altar of the Shining One.
  7572 | D:8      | Found a white marble altar of Elyvilon.
  7577 | D:8      | Reached skill level 9 in Polearms
  7582 | D:8      | Found a glowing silver altar of Zin.
  7656 | D:9      | Killed a two-headed ogre
  7657 | D:9      | Reached skill level 5 in Translocations
  7657 | D:9      | Reached XP level 10. HP: 48/106 MP: 8/19
  7820 | D:9      | Noticed a rakshasa
  8408 | D:9      | Slain by a rakshasa

Illustrated notes

Levels and vault maps discovered:
D:1:      amcnicky_arrival_flooded_fountain, layout_basic, serial_shops,
          shop_statue
D:2:      minmay_evil_eye, layout_loops_ring
D:3:      layout_rooms, nicolae_ru_awakened_eye, nzn_hepliaklqana_mist_gate,
          lemuel_coloured_pillars_altar
D:4:      layout_loops_corners, led_sif_pool, nzn_wu_jian_contemplation,
          minmay_temple_entry_poolview
D:5:      layout_basic, minmay_misc_feat_iff, corexii_item_surrounded_by_moat,
          uniq_sigmund
D:6:      layout_layer_cave, kennysheep_generic_room_9, uniq_pikel
D:7:      layout_gridville, nicolae_gozag_zags_fifth_avenue, minmay_manual_mess
D:8:      layout_rooms, good_gods_temple_1,
          chequers_temple_overflow_statue_of_worship
D:9:      minmay_gate_of_8, layout_small_grid, zombieorc1_lemuel,
          minmay_ruined_shrine
Temple:   eino_wide_crystal_templ

Skill      XL: |  1  2  3  4  5  6  7  8  9 |
---------------+----------------------------+-----
Fire Magic     | 3 |  3.5
Dodging        | 1 2 |  2.5
Fighting       | 5 6 8 |  8.9
Polearms       | 4 6 7 9 |  9.7
Spellcasting   | 2 4 5 6 |  6.1
Translocations | 1 3 5 |  5.2

Action                   |  1- 3 |  4- 6 |  7- 9 | 10-12 || total
-------------------------+-------+-------+-------+-------++-------
Melee: Spear             |   134 |   242 |    45 |       ||   421
       Punch             |       |     2 |       |       ||     2
       Glaive            |       |       |   199 |    25 ||   224
 Cast: Scorch            |     1 |     7 |     4 |       ||    12
       Gell's Gravitas   |       |       |     5 |       ||     5
       Teleport Other    |       |       |       |     2 ||     2
Invok: Fiery Armour      |     1 |       |     1 |       ||     2
  Use: Scroll            |       |     7 |    12 |     2 ||    21
       Potion            |       |     2 |     1 |       ||     3
 Stab: Sleeping          |       |       |     1 |       ||     1
Armor: Robe              |    34 |    46 |    82 |     2 ||   164
Dodge: Dodged            |    60 |    81 |    89 |    13 ||   243

Table legend: (Time is in decaauts)
 A = Elapsed time spent in this place.
 B = Non-inter-level travel time spent in this place.
 C = Inter-level travel time spent in this place.
 D = Time resting spent in this place.
 E = Time spent auto-exploring this place.
 F = Levels seen in this place.
 G = Mean time per level.
                   A        B        C        D        E       F      G
               +--------+--------+--------+--------+--------+-----+--------+
         Total |   8444 |   8074 |    370 |   2506 |   3119 |  10 |  844.4 |
       Dungeon |   8373 |   8003 |    370 |   2506 |   3084 |   9 |  930.3 |
        Temple |     71 |     71 |      0 |      0 |     35 |   1 |   71.0 |
               +--------+--------+--------+--------+--------+-----+--------+

Top non-repeatable levels by time:
     D:4: 1937 daAuts
     D:5: 1652 daAuts
     D:8: 1326 daAuts
     D:2: 953 daAuts
     D:7: 940 daAuts
     D:1: 535 daAuts
     D:3: 525 daAuts
     D:6: 404 daAuts
     D:9: 98 daAuts
  Temple: 71 daAuts
